 Dungeon Crawl Stone Soup version 0.32-a0-913-g739538afd8 (webtiles) character file.

Game seed: 9608109107089004747

11189 Arex the Cleaver (level 11, -4/97 HPs)
             Began as a Mountain Dwarf Fighter on Apr 9, 2024.
             Was a High Priest of Okawaru.
             Slain by an 11-headed hydra (12 damage)
             ... on level 2 of the Lair of Beasts.
             The game lasted 00:15:47 (13249 turns).

Arex the Cleaver (Mountain Dwarf Fighter)          Turns: 13249, Time: 00:15:48

Health: -4/97      AC: 24    Str: 24    XL:     11   Next: 46%
Magic:  0/18       EV:  9    Int:  8    God:    Okawaru [*****.]
Gold:   719        SH:  0    Dex: 15    Spells: 10/10 levels left

rFire   . . .        a - +1 war axe
rCold   . . .        w - orb "Fiypn" {*Rage, Slay+6 Stlth-}
rNeg    . . .        B - +0 plate armour
rPois   +            J - +2 helmet
rElec   .            (no cloak)
rCorr   .            s - +0 pair of gloves
SInv    .            h - +1 pair of boots
Will    +....        C - amulet of guardian spirit Stlth
                     j - +6 ring of dexterity
HPRegen 0.36/turn    z - ring of poison resistance
MPRegen 0.16/turn

%: random rage (20%), guardian spirit
@: heroic, finesse-ful, on berserk cooldown
A: runic magic, artefact enchanting
a: Renounce Religion, Heroism, Finesse, Duel


You were on level 2 of the Lair of Beasts.
You worshipped Okawaru.
Okawaru was extremely pleased with you.
You visited 3 branches of the dungeon, and saw 13 of its levels.

You collected 719 gold pieces.

Inventory:

Hand Weapons
 a - a +1 war axe (weapon)
Missiles
 G - 2 throwing nets (quivered)
 H - 3 silver javelins
Armour
 b - a +0 scale mail
 c - a +0 buckler
 h - a +1 pair of boots (worn)
 q - a +0 helmet
 s - a +0 pair of gloves (worn)
 w - the orb "Fiypn" (worn) {*Rage, Slay+6 Stlth-}
   (You found it on level 2 of the Dungeon)

   Slay+6:    It affects your accuracy & damage with ranged weapons and melee
   (+6).
   Stlth-:    It makes you less stealthy.
 B - a +0 plate armour (worn)
 J - a +2 helmet (worn)
Jewellery
 j - a +6 ring of dexterity (left hand)
 y - a ring of fire
 z - a ring of poison resistance (right hand)
 C - an amulet of guardian spirit (around neck)
 L - a ring of ice
 M - an amulet of reflection
 Q - a ring of flight
Wands
 p - a wand of mindburst (6)
 A - a wand of roots (5)
 D - a wand of flame (19)
 F - a wand of light (2)
 I - a wand of polymorph (6)
Scrolls
 d - a scroll of poison
 i - 5 scrolls of teleportation
 l - 3 scrolls of vulnerability
 m - a scroll of noise {unknown}
 n - 2 scrolls of silence
 o - a scroll of enchant weapon
 r - a scroll of summoning
 t - a scroll of enchant armour
 u - a scroll of brand weapon {unknown}
 E - a scroll of amnesia
 K - a scroll of immolation
Potions
 e - a potion of cancellation {unknown}
 f - 2 potions of curing
 g - 3 potions of enlightenment
 v - 3 potions of degeneration {unknown}
 x - 2 potions of brilliance {unknown}
 N - a potion of attraction {unknown}


   Skills:
 + Level 9.6(14.6) Fighting
 + Level 10.1(15.1) Axes
 + Level 2.3(7.3) Throwing
 + Level 9.6(14.6) Armour
 + Level 9.5(14.5) Shields
 + Level 10.1 Invocations


You had 10 spell levels left.
You didn't know any spells.
Your spell library contained the following spells:

 Spells                   Type           Power      Damage    Failure   Level
 Apportation              Tloc           0%         N/A       58%         1
 Kiss of Death            Conj/Necr      0%         2d5       58%         1
 Necrotise                Necr           0%         1d4       58%         1
 Sting                    Conj/Alch      0%         1d3       58%         1
 Blink                    Tloc           0%         N/A       73%         2
 Jinxbite                 Hex            0%         N/A       73%         2
 Lesser Beckoning         Tloc           0%         N/A       73%         2
 Mercury Vapours          Alch/Air       0%         N/A       73%         2
 Momentum Strike          Conj/Tloc      0%         3d8       73%         2
 Static Discharge         Conj/Air       0%         3-3/arc   73%         2
 Confusing Touch          Hex            0%         N/A       91%         3
 Airstrike                Air            0%         2d(0-16)  100%        4
 Dispel Undead            Necr           0%         3d6       100%        4
 Olgreb's Toxic Radiance  Alch           0%         N/A       100%        4
 Alistair's Intoxication  Alch           0%         N/A       100%        5
 Chain Lightning          Conj/Air       0%         N/A       100%        9
 Fire Storm               Conj/Fire      0%         5d1       100%        9
 Shatter                  Erth           0%         3d5*      100%        9
 Summon Small Mammal      Summ           Unusable   N/A       N/A         1
 Summon Lightning Spire   Summ/Air       Unusable   N/A       N/A         4

Dungeon Overview and Level Annotations

Branches:
Dungeon (10/15)            Temple (1/1) D:4            Lair (2/5) D:9
    Orc (0/2) D:9
  Swamp: Lair:2-3    Shoals: Lair:2-3     Snake: Lair:2-3    Spider: Lair:2-3

Altars:
Ashenzari
Cheibriados
Dithmenos
Elyvilon
Fedhas
Gozag
Hepliaklqana
Kikubaaqudgha
Makhleb
Nemelex Xobeh
Okawaru
Qazlal
Ru
Sif Muna
Trog
Vehumet
Xom
Yredelemnul
Zin
The Shining One

Shops:
D:3 [   D:7 (   D:9 [

Annotations:
D:4 Blork the orc
D:5 2 transporters
D:6 3 runed translucent doors, EvilEddieB's ghost, novice DsNe
D:8 3 runed translucent doors, Gazog's ghost, journeyman CoHu


Innate Abilities, Weirdness & Mutations

Your spellcasting is much less encumbered by armour.
You can use scrolls of enchantment on lesser artefacts.


Message History

The nine-headed hydra bites you but does no damage.
The nine-headed hydra barely misses you.
The nine-headed hydra closely misses you.
You barely miss the nine-headed hydra.
The nine-headed hydra is severely wounded.
You lop one of the nine-headed hydra's heads off!
The eight-headed hydra grows two more!
You slash the ten-headed hydra!
The ten-headed hydra is severely wounded.
You slice one of the ten-headed hydra's heads off!
The nine-headed hydra grows two more!
You slice the 11-headed hydra!!
The 11-headed hydra is severely wounded.
The 11-headed hydra bites you.
* * * LOW HITPOINT WARNING * * *
The 11-headed hydra bites you but does no damage. x4
The 11-headed hydra bites you!
* * * LOW HITPOINT WARNING * * *
The 11-headed hydra barely misses you.
The 11-headed hydra bites you but does no damage. x2
The 11-headed hydra barely misses you. The 11-headed hydra bites you.
* * * LOW HITPOINT WARNING * * *
Okay, then.
You feel much better.
The 11-headed hydra bites you but does no damage.
The 11-headed hydra misses you. The 11-headed hydra bites you.
* * * LOW HITPOINT WARNING * * *
The 11-headed hydra bites you but does no damage. x4
The 11-headed hydra bites you.
* * * LOW HITPOINT WARNING * * *
The 11-headed hydra bites you.
* * * LOW HITPOINT WARNING * * *
The 11-headed hydra barely misses you. The 11-headed hydra bites you.
* * * LOW HITPOINT WARNING * * *
As you read the scroll labelled IFU OHICHOIRIS, it crumbles to dust.
You assume a fearsome visage.
The 11-headed hydra resists with some effort.
It was a scroll of fear.
The 11-headed hydra bites you!
* * * LOW HITPOINT WARNING * * *
The 11-headed hydra bites you but does no damage. x2
The 11-headed hydra bites you!
You die...

##....... #.......#
#P......# .......##
##.......#
#........#
#........#
#.@D..(.P#
#.......P# .
#........# #.
#P...^...## #..
#.......#.# ...
#........### ...
##......#..#####..#
#...........P....P
##...........††...


You could see a 11-headed hydra.

Vanquished Creatures
  Pikel (D:7)
  Joseph (D:8)
  A cane toad (Lair:1)
  A rime drake (Lair:1)
  Jeremiah (D:6)
  3 komodo dragons (Lair:1)
  4 blink frogs (Lair:1)
  A shadow (D:9)
  12 yaks
  Grum (D:9)
  2 steam dragons
  An acid dragon (D:10)
  3 water moccasins
  2 orc warriors
  2 sky beasts
  An ice beast (D:7)
  A black bear (D:5)
  14 wolves
  4 ogres
  9 phantoms
  2 centaurs
  3 lemures (D:7)
  A gnoll sergeant (D:8)
  2 kobold brigands
  6 bullfrogs
  4 wights (D:8)
  11 killer bees
  2 howler monkeys
  A bombardier beetle (D:5)
  3 hounds
  3 orc priests
  3 sleepcaps
  A gnoll bouda (D:7)
  4 jellies
  A centaur skeleton (D:5)
  3 iguanas
  Jessica (D:2)
  A scorpion zombie (D:5)
  Natasha (thrice) (D:2)
  8 orc wizards
  A hound skeleton (D:5)
  Robin (D:2)
  14 gnolls
  5 adders
  2 white imps (D:6)
  6 ufetubi
  An adder zombie (D:5)
  4 dart slugs
  24 orcs
  5 endoplasms
  5 giant cockroaches
  18 goblins
  5 hobgoblins
  9 jackals
  15 kobolds
  2 quokkas
  5 ball pythons
  7 bats
  A frilled lizard (D:2)
  3 rats
261 creatures vanquished.

Notes
Turn   | Place    | Note
-------+----------+-------------------------------------------
     0 | D:1      | Arex the Mountain Dwarf Fighter began the quest for the
                  | Orb.
     0 | D:1      | Reached XP level 1. HP: 19/19 MP: 1/1
   117 | D:1      | Reached XP level 2. HP: 26/26 MP: 2/2
   920 | D:2      | Noticed Natasha
   920 | D:2      | Found a basalt altar of Yredelemnul.
  1016 | D:2      | Noticed Jessica
  1033 | D:2      | Killed Jessica
  1034 | D:2      | Reached XP level 3. HP: 21/33 MP: 3/3
  1219 | D:2      | Killed Natasha
  1220 | D:2      | Reached XP level 4. HP: 34/40 MP: 4/4
  1330 | D:2      | Noticed Natasha
  1341 | D:2      | Killed Natasha
  1418 | D:2      | Noticed Robin
  1462 | D:2      | Found a faded altar of an unknown god.
  1466 | D:2      | Prayed at the altar of an unknown god.
  1466 | D:2      | Became a worshipper of Warmaster Okawaru
  1466 | D:2      | Reached * piety under Okawaru
  1560 | D:2      | Reached XP level 5. HP: 45/46 MP: 5/5
  1573 | D:2      | Noticed Natasha
  1587 | D:2      | Killed Natasha
  1897 | D:2      | Reached skill level 1 in Invocations
  2132 | D:2      | Killed Robin
  2302 | D:2      | Identified the orb "Fiypn" {*Rage, Slay+6 Stlth-}
  2849 | D:3      | Found Deresibo's Antique Armour Shoppe.
  3437 | D:4      | Reached XP level 6. HP: 41/53 MP: 7/7
  3502 | D:4      | Noticed Blork the orc
  3878 | D:4      | Found an iron altar of Okawaru.
  3878 | D:4      | Found an ancient bone altar of Kikubaaqudgha.
  3878 | D:4      | Found a blossoming altar of Fedhas.
  3908 | D:4      | Found a hazy altar of Hepliaklqana.
  4259 | D:4      | Reached ** piety under Okawaru
  4269 | D:4      | Found a staircase to the Ecumenical Temple.
  4529 | D:5      | Entered Level 5 of the Dungeon
  4546 | D:5      | Reached skill level 5 in Fighting
  4546 | D:5      | Reached skill level 5 in Armour
  4546 | D:5      | Reached skill level 5 in Shields
  4546 | D:5      | Reached XP level 7. HP: 61/61 MP: 9/9
  4738 | D:5      | Reached skill level 5 in Axes
  4926 | D:5      | Reached *** piety under Okawaru
  4927 | D:5      | Reached XP level 8. HP: 35/70 MP: 11/11
  5249 | D:5      | Found a transporter.
  5484 | D:5      | Found a transporter.
  5566 | D:5      | Reached skill level 5 in Invocations
  5713 | D:5      | Found a sacrificial altar of Ru.
  5928 | D:5      | Found a shimmering blue altar of Sif Muna.
  6308 | Temple   | Entered the Ecumenical Temple
  6402 | D:6      | Identified the +1 leather armour of Gallantry {rC- rN+
                  | Str+5}
  6979 | D:6      | Noticed Jeremiah
  6992 | D:6      | Killed Jeremiah
  6993 | D:6      | Reached XP level 9. HP: 78/78 MP: 10/13
  7369 | D:6      | Found a runed translucent gate.
  7471 | D:6      | Found a runed translucent gate.
  7471 | D:6      | Found a runed translucent gate.
  7472 | D:6      | Noticed EvilEddieB's ghost (novice DsNe)
  8080 | D:7      | Reached **** piety under Okawaru
  8305 | D:7      | Found Peffof's Antique Weapon Boutique.
  8684 | D:7      | Noticed Pikel
  8705 | D:7      | Killed Pikel
  9394 | D:8      | Reached ***** piety under Okawaru
  9395 | D:8      | Reached XP level 10. HP: 88/88 MP: 10/15
  9487 | D:8      | You fall into a shaft and drop 2 floors!
  9487 | D:10     | Entered Level 10 of the Dungeon
  9760 | D:8      | Found a runed translucent gate.
  9760 | D:8      | Found a runed translucent gate.
  9760 | D:8      | Found a runed translucent gate.
  9765 | D:8      | Noticed Gazog's ghost (journeyman CoHu)
 10077 | D:8      | Noticed Joseph
 10083 | D:8      | Killed Joseph
 10815 | D:9      | Found a staircase to the Lair.
 10860 | D:9      | Found Emoulen's Armour Boutique.
 10860 | D:9      | Found a staircase to the Orcish Mines.
 11230 | D:9      | Noticed Grum
 11253 | D:9      | Killed Grum
 11253 | D:9      | Received a gift from Okawaru
 11987 | Lair:1   | Entered Level 1 of the Lair of Beasts
 12045 | Lair:1   | Reached skill level 1 in Throwing
 12045 | Lair:1   | Reached XP level 11. HP: 97/97 MP: 14/18
 12301 | Lair:1   | Identified the +2 chain mail of Huadgh {*Corrode rPois
                  | Str+4 Slay+2 SInv}
 12603 | Lair:1   | Received a gift from Okawaru
 12608 | Lair:1   | Reached skill level 10 in Axes
 12822 | Lair:1   | Reached skill level 10 in Invocations
 13220 | Lair:2   | Noticed a five-headed hydra
 13249 | Lair:2   | Slain by an 11-headed hydra

Illustrated notes

Levels and vault maps discovered:
D:1:      kennysheep_arrival_seaside, layout_basic
D:2:      layout_basic, shapermc_ecumenical_altar_mp_highgroup, basic_altar,
          minmay_increasing_density, uniq_natasha, uniq_robin, uniq_jessica
D:3:      layout_loops_corners, serial_shops, nicolae_shop_statue_plus
D:4:      layout_loops_ring, grunt_temple_overflow_cloverleaf, temple_statues,
          serial_bayou_pond_c, uniq_blork_the_orc
D:5:      gammafunk_cloud_chamber, layout_loops_corners, tgw_sif,
          nicolae_ru_sacrificial_ziggurat, serial_undead, serial_undead_d,
          serial_undead_e, serial_undead_b, serial_undead_f, glass_columns_a
D:6:      layout_basic, ebering_ghost_rock_garden, uniq_jeremiah
D:7:      layout_basic, serial_shops, shop, uniq_pikel
D:8:      layout_cave_pods, ebering_ghost_rock_garden, uniq_joseph
D:9:      lemuel_flame_loot_2, layout_small_grid, dpeg_oklobed_lair,
          orc_david_3, uniq_grum
D:10:     minmay_evil_eye, layout_rooms, nicolae_overflow_hidden_temple,
          ebering_ghost_rock_garden, uniq_lodul
Temple:   nicolae_temple_ecumenical_triangle
Lair:1:   layout_small_grid, st_stairs_6, chequers_serial_rivers_micro_a
Lair:2:   layout_hall_layers, elwin_shoals_entry_rooms,
          hellmonk_spider_entry_not_the_bees, serial_bayou_shore_b,
          lemuel_fruit_fields, infiniplex_staircase_pool_2

Skill      XL: |  1  2  3  4  5  6  7  8  9 10 11 |
---------------+----------------------------------+-----
Axes           | 3 4 5 6 8 9 10 | 10.1
Fighting       | 4 5 6 7 9 |  9.6
Armour         | 4 5 6 7 9 |  9.6
Shields        | 4 5 6 7 9 |  9.5
Invocations    | 2 3 4 6 7 9 10 | 10.1
Throwing       | 1 2 |  2.3

Action                     |  1- 3 |  4- 6 |  7- 9 | 10-12 || total
---------------------------+-------+-------+-------+-------++-------
  Melee: War axe           |    58 |   188 |   277 |   219 ||   742
 Invoke: Heroism           |       |       |     2 |     2 ||     4
         Finesse           |       |       |       |     1 ||     1
  Evoke: Wand              |       |     7 |     2 |     7 ||    16
    Use: Scroll            |       |     6 |     2 |     6 ||    14
         Potion            |       |     2 |     1 |     1 ||     4
 Armour: Scale mail        |    62 |   144 |   159 |       ||   365
         Plate armour      |       |       |   104 |   326 ||   430
  Dodge: Dodged            |    40 |    63 |   131 |   109 ||   343
  Block: Buckler           |    28 |    58 |    57 |       ||   143

Table legend: (Time is in decaauts)
 A = Elapsed time spent in this place.
 B = Non-inter-level travel time spent in this place.
 C = Inter-level travel time spent in this place.
 D = Time resting spent in this place.
 E = Time spent auto-exploring this place.
 F = Levels seen in this place.
 G = Mean time per level.
                   A        B        C        D        E       F      G
               +--------+--------+--------+--------+--------+-----+--------+
         Total |  13686 |  12944 |    742 |   3432 |   7794 |  13 | 1052.8 |
       Dungeon |  12335 |  11657 |    678 |   2996 |   7111 |  10 | 1233.5 |
        Temple |      1 |      1 |      0 |      0 |      0 |   1 |    1.0 |
          Lair |   1349 |   1286 |     63 |    435 |    682 |   2 |  674.5 |
               +--------+--------+--------+--------+--------+-----+--------+

Top non-repeatable levels by time:
     D:6: 1748 daAuts
     D:5: 1706 daAuts
     D:2: 1622 daAuts
     D:9: 1394 daAuts
     D:8: 1356 daAuts
  Lair:1: 1284 daAuts
     D:7: 1223 daAuts
     D:3: 1150 daAuts
     D:4: 1051 daAuts
     D:1: 979 daAuts
    D:10: 100 daAuts
  Lair:2: 64 daAuts
  Temple: 1 daAuts
